Cogmind - Beta 15 @@@ ROGUE MODE // 2025.05.23 @ 19:43:37 Player: LightKnight Result: Smashed by cave-in Performance ------------- Evolutions (5) 2500 Regions Visited (9) 1800 Robots Destroyed (48) 240 Value Destroyed (1948) 1948 Prototype IDs (9) 180 Alien Tech Used (0) 0 Bonus (1066) 1066 TOTAL SCORE: 7734 Bonus ------- High Alert Combat Kills 242 Follower Combat Kills 97 Registered with UFD 300 Met Optimus in HQ 500 Friendly Fire -73 Cogmind --------- Core Integrity 0/1000 Matter 300/300 Energy 100/100 System Corruption 2% Temperature Cool (0) Movement Core (50) Location -4/Proximity Caves Parts ------- > --- POWER (2) -------- (None) > --- PROPULSION (3) --- (None) > --- UTILITY (9) ------ (None) > --- WEAPON (3) ------- Ripper > --- INVENTORY (5) ---- Backup Power III A0-MCA's Component Scanner CPS Tube (2) Peak State ------------ > --- POWER ------------ Light Angular Momentum Engine > --- PROPULSION ------- Overtuned Medium Treads Overtuned Huge Scrapsphere > --- UTILITY ---------- Scrap Suit Improved Cooling System Large Storage Unit Seismic Detector Advanced Targeting Computer Medium Armor Plating Makeshift Light Armor Plating Improved Hacking Suite > --- WEAPON ----------- Improved Lightning Gun Junk Cannon > --- INVENTORY -------- Overtuned Treads Overtuned Medium Treads A0-MCA's Component Scanner Improved Lightning Gun Long-range Missile Launcher CPS Tube Vortex Trap [Rating: 72] Favorites ----------- Power Light Angular Momentum Engine Engine Light Angular Momentum Engine Power Core Light Nuclear Core Propulsion Improved Treads Treads Improved Treads Leg Aluminum Leg Wheel Overtuned Huge Scrapsphere Flight Unit VTOL Module Utility Large Storage Unit Device Seismic Detector Storage Large Storage Unit Processor Advanced Targeting Computer Hackware Improved Hacking Suite Protection Makeshift Light Armor Plating Weapon Junk Cannon Energy Gun Heavy Laser Energy Cannon Heavy Particle Cannon Ballistic Gun Assault Rifle Launcher Long-range Missile Launcher Special Weapon Junk Cannon Slashing Weapon Ripper Build | -11 -10 -10 -10 -7 -5 -5 -5 -5 -4 ------- Run | Yrd Mat Min Sub Scr Fac Upp Upp War Pro Slots Evolved 10 | . . . . . 10 . . . . Power 1 | . . . . . 1 . . . . Propulsion 1 | . . . . . 1 . . . . Utility 7 | . . . . . 7 . . . . Weapon 1 | . . . . . 1 . . . . Parts Attached 52 | 1 6 3 4 8 11 10 8 1 . Power 8 | . 1 1 1 1 . 3 1 . . Engine 4 | . 1 1 1 1 . . . . . Core 4 | . . . . . . 3 1 . . Reactor . | . . . . . . . . . . Propulsion 15 | . 4 . . 4 1 1 4 1 . Treads 6 | . 2 . . 3 1 . . . . Leg 2 | . 2 . . . . . . . . Wheel 2 | . . . . 1 . 1 . . . Hover . | . . . . . . . . . . Flight 5 | . . . . . . . 4 1 . Utility 14 | 1 1 1 1 . 5 4 1 . . Device 3 | 1 . . . . 2 . . . . Storage 2 | . 1 . . . . 1 . . . Processor 2 | . . . . . 1 . 1 . . Hackware 1 | . . . . . 1 . . . . Protection 6 | . . 1 1 . 1 3 . . . Artifact . | . . . . . . . . . . Weapon 15 | . . 1 2 3 5 2 2 . . Energy Gun 4 | . . . . 1 3 . . . . Energy Cannon 4 | . . 1 1 1 1 . . . . Ballistic Gun 4 | . . . 1 . . 2 1 . . Ballistic Cannon . | . . . . . . . . . . Launcher 1 | . . . . . 1 . . . . Special Weapon 1 | . . . . 1 . . . . . Impact Weapon . | . . . . . . . . . . Slashing Weapon 1 | . . . . . . . 1 . . Piercing Weapon . | . . . . . . . . . . Special Melee Weapon . | . . . . . . . . . . Unidentified Prototypes 3 | . . . . 1 1 1 . . . Parts Lost 31 | . . . 1 . 3 7 14 5 1 Power 5 | . . . . . 1 . 3 1 . Propulsion 6 | . . . . . . 1 1 3 1 Utility 11 | . . . . . 2 3 5 1 . Weapon 9 | . . . 1 . . 3 5 . . Highest Loss Streak 12 | . . . 1 . 2 5 12 4 1 To Critical Strikes . | . . . . . . . . . . Average Backups 11 | 6 7 10 13 12 6 5 5 3 3 Power . | 1 1 1 1 . . . 1 . 1 Propulsion 2 | 4 3 2 2 2 2 2 1 . . Utility 5 | . 1 5 6 6 1 1 1 1 1 Weapon 1 | 1 2 2 2 1 2 1 . . . Tool/Special . | . . . . . . . . . . Unused Backups 24 | . 6 2 3 9 . . 2 . 2 Power 2 | . 2 . . . . . . . . Propulsion 8 | . 4 . . 3 . . 1 . . Utility 8 | . . . 2 4 . . 1 . 1 Weapon 4 | . . 2 1 1 . . . . . Tool/Special 2 | . . . . 1 . . . . 1 Average Slot Usage (%) 86 | . 100 100 99 90 68 74 37 22 11 Engine 11 | . 14 14 14 13 4 . . . . Treads 20 | . 11 28 28 24 4 . . . . Wheel 1 | . . . . 1 5 7 1 . . Device 3 | . 14 8 6 . 16 14 1 . . Storage 12 | . 14 14 14 14 5 5 3 . . Protection 10 | . . 5 7 14 6 4 3 . . Energy Gun 3 | . . . . 5 2 4 . . . Energy Cannon 8 | . . 7 14 9 1 . . . . Ballistic Gun 5 | . 28 20 13 . . 10 5 . . Special Weapon 4 | . . . . 6 5 . . . . Peak Build Rating 72 | 7 10 15 18 40 72 67 66 17 7 Average Rating 28 | 6 8 12 15 28 67 62 26 11 7 On Entrance 23 | 6 7 10 15 18 40 55 66 14 7 Naked Turns 55 | . . . . . . . 55 . . Heaviest Build 76 | 13 30 40 43 47 68 76 76 8 3 Greatest Support 46 | 20 46 46 46 46 20 36 20 12 4 Greatest Overweight (x) 15 | . . . . 15 3 3 3 . . Average Overweight (x) . | . . . . 1 2 1 . . . Largest Inventory Capacity 15 | 8 15 15 15 15 15 15 15 5 5 Average Capacity 14 | 8 8 15 15 15 15 15 8 5 5 Most Carried 15 | 7 10 11 15 15 14 9 9 4 3 Average Carried 12 | 6 7 10 14 14 6 6 6 3 3 Final Capacity 15 | 8 15 15 15 15 15 15 5 5 5 Final Carried 15 | 7 10 11 14 15 6 9 4 3 3 Class Distribution -------------------- 83% | Mutant 4% | Scavenger-Gunner 3% | Scrapper 3% | Scavenger-Sprinter Dominant Class ---------------- Mutant | -10/Materials Mutant | -10/Mines Mutant | -10/Subcaves Mutant | -7/Scraptown Scrapper | -5/Factory Scavenger-Gunner | -5/Upper Caves Scavenger-Sprinter | -5/Upper Caves Scavenger-Sprinter | -5/Warlord Mutant | -4/Proximity Caves Resources | -11 -10 -10 -10 -7 -5 -5 -5 -5 -4 ----------- Run | Yrd Mat Min Sub Scr Fac Upp Upp War Pro Matter Collected 1355 | 288 76 96 128 40 184 270 273 . . Remotely . | . . . . . . . . . . Salvage Created 1981 | 96 128 84 295 . 867 277 234 . . Parts 67 | 5 9 8 13 . 14 8 10 . . Haulers Intercepted 3 | . 1 . . . 2 . . . . Recyclers Shooed 4 | 1 2 . . . 1 . . . . Parts Field Recycled . | . . . . . . . . . . Retrieved Matter . | . . . . . . . . . . Parts Self-Destructed 26 | . . . 6 . . 5 15 . . Prevented 4 | . . . . . . 4 . . . Kills | -11 -10 -10 -10 -7 -5 -5 -5 -5 -4 ------- Run | Yrd Mat Min Sub Scr Fac Upp Upp War Pro Combat Hostiles Destroyed 38 | . 2 5 6 . 15 7 3 . . Melee 1 | . . . . . . . 1 . . Guns 16 | . 2 2 1 . 3 6 2 . . Cannons 10 | . . 3 5 . 2 . . . . AOE 7 | . . . . . 7 . . . . Classes Destroyed 13 | 2 2 1 1 . 5 1 1 . . Worker 2 | . . . . . 2 . . . . Builder 1 | . . . . . 1 . . . . Tunneler 1 | 1 . . . . . . . . . Hauler 3 | . 1 . . . 2 . . . . Recycler 3 | 1 . . . . 2 . . . . Swarmer 13 | . . 5 . . . 7 1 . . Grunt 12 | . 2 . . . 10 . . . . Brawler 2 | . . . . . 1 . 1 . . Duelist 1 | . . . . . . . 1 . . Sentry 1 | . . . . . 1 . . . . Hunter 3 | . . . . . 3 . . . . Subdweller 6 | . . . 6 . . . . . . Samaritan 3 | . . . . . . 2 1 . . Best Kill Streak 8 | 2 1 3 3 . 8 3 2 . . Combat Bots Only 7 | . 1 3 3 . 7 3 2 . . Max Kills in Single Turn 6 | 1 1 1 1 . 6 1 1 . . Gunslinging . | . . . . . . . . . . Exploded 3 | . . . . . 3 . . . . Melee 1 | . . . . . . . 1 . . Uniques/NPCs Destroyed . | . . . . . . . . . . Combat | -11 -10 -10 -10 -7 -5 -5 -5 -5 -4 -------- Run | Yrd Mat Min Sub Scr Fac Upp Upp War Pro Hostile Shots Fired 428 | . 14 32 27 . 112 97 128 18 . Missed 139 | . 2 12 5 . 42 27 41 10 . Hits 289 | . 12 20 22 . 70 70 87 8 . Melee 9 | . . . . . 1 . 8 . . Projectile 280 | . 12 20 22 . 69 70 79 8 . Critical Strikes 11 | . . . . . 3 . 8 . . Damage Taken 5594 | . 160 170 497 . 1496 1069 1882 245 75 Core 1212 | . 31 48 112 . 175 199 473 135 39 Absorbed by Shields . | . . . . . . . . . . Redirected to Shielding 82 | . . . . . . . 82 . . Regen/Repaired (Parts) 10 | . . . . . 10 . . . . Core Remaining (%) 61 | 100 . . . 23 . . . . . Volleys Fired 160 | 13 16 10 39 . 27 37 18 . . Largest 3 | 2 2 2 2 . 2 3 3 . . Hottest 155 | 40 40 95 155 . 80 106 81 . . Shots Fired 284 | 26 32 20 57 . 37 62 50 . . Gun 213 | 26 32 14 13 . 17 62 49 . . Cannon 52 | . . 6 44 . 2 . . . . Launcher 4 | . . . . . 4 . . . . Special 15 | . . . . . 14 . 1 . . Kinetic 165 | 26 32 14 13 . . 31 49 . . Thermal 52 | . . 6 44 . 2 . . . . Explosive 4 | . . . . . 4 . . . . Electromagnetic 48 | . . . . . 17 31 . . . Impact 15 | . . . . . 14 . 1 . . Robot Hit Streak 12 | 4 6 6 12 . 6 5 8 . . Robot Miss Streak 7 | 4 3 2 1 . 2 7 3 . . Penetration Max 2 | . . . . . . . 2 . . Secondary Targets 3 | . . 1 . . . 2 . . . Max Gunslinging Chain 1 | . . 1 . . . 1 . . . Shots Hit Robots 178 | 15 22 12 31 . 28 31 38 1 . Core Hits 86 | 3 7 5 8 . 34 12 17 . . Critical Kills 2 | . . . . . 1 . 1 . . Critical Parts Destroyed 7 | . . . . . 4 1 2 . . Critical Strikes 12 | . . . . . 6 1 5 . . Destroy 5 | . . . . . . 1 4 . . Corrupt 1 | . . . . . 1 . . . . Smash 5 | . . . . . 5 . . . . Sever 1 | . . . . . . . 1 . . Melee Attacks 20 | . . . . . . . 12 1 7 Impact . | . . . . . . . . . . Slashing 20 | . . . . . . . 12 1 7 Piercing . | . . . . . . . . . . Sneak Attacks 1 | . . . . . . . . 1 . Combat Hostiles . | . . . . . . . . . . Follow-up Attacks . | . . . . . . . . . . Damage Inflicted 6569 | 177 275 217 692 . 3683 700 752 73 . Guns 2236 | 177 271 92 210 . 306 648 532 . . Cannons 631 | . . 125 482 . 24 . . . . Explosions 2328 | . . . . . 2328 . . . . Melee 203 | . . . . . . . 130 73 . Ramming 75 | . 4 . . . 19 52 . . . Kinetic 1474 | 177 271 92 210 . . 192 532 . . Thermal 2079 | . . 125 482 . 1472 . . . . Explosive 880 | . . . . . 880 . . . . Electromagnetic 762 | . . . . . 306 456 . . . Impact 1096 | . . . . . 1006 . 90 . . Slashing 203 | . . . . . . . 130 73 . Piercing . | . . . . . . . . . . Highest Corruption 6 | . . . . . . . 6 6 . Average Corruption 5 | . . . . . . . 5 6 . Corruption Purged . | . . . . . . . . . . Corruption Blocked . | . . . . . . . . . . Effects 6 | . . . . . . . 6 . . Message Errors 1 | . . . . . . . 1 . . Matter Fused 1 | . . . . . . . 1 . . Energy Discharges 1 | . . . . . . . 1 . . Data Loss (minor) 1 | . . . . . . . 1 . . Data Loss (major) 1 | . . . . . . . 1 . . Alerts 1 | . . . . . . . 1 . . Overload Shots . | . . . . . . . . . . Overflow Damage 802 | . . 5 . . 764 . . 33 . Projectiles 444 | . . 5 . . 439 . . . . Explosions 325 | . . . . . 325 . . . . Melee 33 | . . . . . . . . 33 . Knockbacks 8 | . . . . . 8 . . . . Impact 7 | . . . . . 7 . . . . Kinetic . | . . . . . . . . . . Secondary 1 | . . . . . 1 . . . . Self-Inflicted Damage 234 | . . . . . 210 24 . . . Shots 4 | . . . . . 4 . . . . Rammed 8 | . . . . . 2 6 . . . Targets Rammed 10 | . 2 . . . 2 6 . . . Kicked 2 | . 2 . . . . . . . . Crushed . | . . . . . . . . . . Highest Temperature 326 | . 2 180 225 . 74 192 294 326 . Average Temperature 97 | . 2 106 79 . 32 63 158 162 . Received Heat Transfer 1111 | . 93 . 117 . 351 . 541 9 . Effects 1 | . . . . . . . 1 . . Energy Bleed 1 | . . . . . . . 1 . . Siege Activations . | . . . . . . . . . . Martial Activations . | . . . . . . . . . . Shielding Activations . | . . . . . . . . . . Robots Disrupted 1 | . . . . . . 1 . . . Combat Hostiles . | . . . . . . . . . . Robots Corrupted 8 | . . . . . 5 3 . . . Combat Hostiles 4 | . . . . . 3 1 . . . Parts Fried 9 | . . . . . 3 5 1 . . Impact Corruptions 10 | . . . . . 9 1 . . . Robots Melted . | . . . . . . . . . . Combat Hostiles . | . . . . . . . . . . Parts Melted 2 | . . . 1 . 1 . . . . Heat Transferred 1938 | . . 185 703 . 1050 . . . . Parts Sabotaged 2 | . . . . . 2 . . . . Parts Stolen . | . . . . . . . . . . Parts Stripped . | . . . . . . . . . . Power Chain Reactions . | . . . . . . . . . . Alert | -11 -10 -10 -10 -7 -5 -5 -5 -5 -4 ------- Run | Yrd Mat Min Sub Scr Fac Upp Upp War Pro Maximum Alert Level 3 | . . . . . 3 . . . . Low Security (%) 75 | 100 100 100 . . 32 . . . . Level 1 . | . . . . . . . . . . Level 2 4 | . . . . . 13 . . . . Level 3 19 | . . . . . 54 . . . . Level 4 . | . . . . . . . . . . Level 5 . | . . . . . . . . . . High Security . | . . . . . . . . . . Max Security . | . . . . . . . . . . Peak Influence 1071 | 5 59 71 . . 1071 . . . . Initial . | . . . . . . . . . . Average 236 | . 21 32 . . 623 . . . . Influence Increases 1967 | 10 86 121 21 . 1214 160 355 . . Destroy 0b10 Robot/C 660 | . 40 100 20 . 300 140 60 . . Destroy 0b10 Robot/NC 50 | 10 5 . . . 35 . . . . Destroy Leader 126 | . 12 20 . . 64 20 10 . . Allied During Kill 1 | . . . 1 . . . . . . Trap Triggered on 0b10 10 | . . . . . 10 . . . . Successful Hack 54 | . 14 . . . 40 . . . . Disable Machine 360 | . . . . . 360 . . . . Anti-Garrison Action 150 | . . . . . 150 . . . . Destroy Structure 211 | . . 1 . . 210 . . . . Lose Combat Pursuer 345 | . 15 . . . 45 . 285 . . Influence Decreases 1967 | 10 86 70 72 . 142 681 406 500 . Entered New Map 1030 | . . . 27 . . 397 106 500 . Time Decay 677 | 10 86 70 45 . 112 214 140 . . Lost Part 240 | . . . . . 30 70 140 . . Lost Ally 20 | . . . . . . . 20 . . Squads Dispatched 7 | . 1 . . . 5 . 1 . . Investigation . | . . . . . . . . . . Extermination . | . . . . . . . . . . Reinforcement 3 | . 1 . . . 2 . . . . Assault 3 | . . . . . 2 . 1 . . Garrison 1 | . . . . . 1 . . . . Intercept . | . . . . . . . . . . Searches Triggered . | . . . . . . . . . . Construction Impeded 1 | . . . . . 1 . . . . Haulers Reinforced 1 | . . . . . 1 . . . . Active Scanning Responses . | . . . . . . . . . . Cargo Convoy Interrupts . | . . . . . . . . . . Stealth | -11 -10 -10 -10 -7 -5 -5 -5 -5 -4 --------- Run | Yrd Mat Min Sub Scr Fac Upp Upp War Pro Distress Signals 1 | . . . . . 1 . . . . Communications Jammed . | . . . . . . . . . . Distress Signals . | . . . . . . . . . . Times Spotted 87 | . 4 6 9 . 21 9 28 10 . Peak Tracking Total 11 | . 2 3 3 . 8 5 11 10 . Tactical Retreats 7 | . 1 . . . 2 . 4 . . Traps | -11 -10 -10 -10 -7 -5 -5 -5 -5 -4 ------- Run | Yrd Mat Min Sub Scr Fac Upp Upp War Pro Traps Triggered 2 | . . . . . . . . 2 . Indirectly . | . . . . . . . . . . Trap Hack Attempts . | . . . . . . . . . . Triggered . | . . . . . . . . . . Disarmed . | . . . . . . . . . . Reprogrammed . | . . . . . . . . . . Reused 1 | . . . . . 1 . . . . Traps Extracted . | . . . . . . . . . . Installed 1 | . . . . . 1 . . . . Triggered 1 | . . . . . 1 . . . . Most Traps Carried 1 | . . . . 1 1 . . . . Machines | -11 -10 -10 -10 -7 -5 -5 -5 -5 -4 ---------- Run | Yrd Mat Min Sub Scr Fac Upp Upp War Pro Machines Disabled 25 | . . . . . 25 . . . . Max in Single Turn 19 | . . . . . 19 . . . . Garrison Access 1 | . . . . . 1 . . . . Machines Repaired . | . . . . . . . . . . Machines Dismantled . | . . . . . . . . . . Machines Sabotaged . | . . . . . . . . . . Overloaded Fab Kills . | . . . . . . . . . . Hacking | -11 -10 -10 -10 -7 -5 -5 -5 -5 -4 --------- Run | Yrd Mat Min Sub Scr Fac Upp Upp War Pro Machines Accessed 7 | . 1 1 . 3 2 . . . . Terminals 3 | . 1 . . . 2 . . . . Fabricators . | . . . . . . . . . . Repair Stations . | . . . . . . . . . . Recycling Units . | . . . . . . . . . . Scanalyzers . | . . . . . . . . . . Garrison Access . | . . . . . . . . . . Total Hacks 17 | . 2 1 . 9 5 . . . . Successful 14 | . 1 1 . 9 3 . . . . Failed 3 | . 1 . . . 2 . . . . Catastrophic . | . . . . . . . . . . Database Lockouts . | . . . . . . . . . . Manual 5 | . 2 . . . 3 . . . . Terminals 7 | . 2 . . . 5 . . . . Fabricators . | . . . . . . . . . . Repair Stations . | . . . . . . . . . . Recycling Units . | . . . . . . . . . . Scanalyzers . | . . . . . . . . . . Garrison Access . | . . . . . . . . . . Terminal Hacks 11 | . . 1 . 9 1 . . . . Record 8 | . . . . 8 . . . . . Open Door 1 | . . 1 . . . . . . . Branch Access Points 1 | . . . . . 1 . . . . Proto ID Catalog 1 | . . . . 1 . . . . . Fabricator Hacks . | . . . . . . . . . . Repair Station Hacks . | . . . . . . . . . . Recycling Unit Hacks . | . . . . . . . . . . Scanalyzer . | . . . . . . . . . . Garrison Access Hacks . | . . . . . . . . . . Unauthorized Hacks 3 | . 1 . . . 2 . . . . Terminals 3 | . 1 . . . 2 . . . . Botnet 2 | . 1 . . . 1 . . . . Disrupt 1 | . . . . . 1 . . . . Fabricators . | . . . . . . . . . . Repair Stations . | . . . . . . . . . . Recycling Units . | . . . . . . . . . . Scanalyzers . | . . . . . . . . . . Garrison Access . | . . . . . . . . . . Data Cores Recovered . | . . . . . . . . . . Used . | . . . . . . . . . . Hacking Detections 3 | . 1 . . . 2 . . . . Full Trace Events . | . . . . . . . . . . Feedback Events . | . . . . . . . . . . Feedback Blocked . | . . . . . . . . . . Robot Schematics Acquired . | . . . . . . . . . . Robots Built . | . . . . . . . . . . Authchips . | . . . . . . . . . . Time . | . . . . . . . . . . Total Robot Build Rating . | . . . . . . . . . . Part Schematics Acquired . | . . . . . . . . . . Parts Built . | . . . . . . . . . . Authchips . | . . . . . . . . . . Time . | . . . . . . . . . . Total Part Build Rating . | . . . . . . . . . . Parts Repaired . | . . . . . . . . . . Time . | . . . . . . . . . . Parts Recycled . | . . . . . . . . . . Recycled Matter . | . . . . . . . . . . Retrieved Matter . | . . . . . . . . . . Retrieved Components . | . . . . . . . . . . Parts Scanalyzed . | . . . . . . . . . . Part Schematics Acquired . | . . . . . . . . . . Parts Damaged . | . . . . . . . . . . Bothacking | -11 -10 -10 -10 -7 -5 -5 -5 -5 -4 ------------ Run | Yrd Mat Min Sub Scr Fac Upp Upp War Pro Used RIF Installer . | . . . . . . . . . . Robots Hacked . | . . . . . . . . . . Non-combat . | . . . . . . . . . . Combat . | . . . . . . . . . . Robot Hacks Applied . | . . . . . . . . . . Relay Couplers Released 2 | . . . . . 2 . . . . Machine Destruction 2 | . . . . . 2 . . . . Fabnet Peak Effective % . | . . . . . . . . . . Robots Rewired 2 | . . . . . . 1 1 . . Allies Hacked . | . . . . . . . . . . Hacks Repelled . | . . . . . . . . . . Allies | -11 -10 -10 -10 -7 -5 -5 -5 -5 -4 -------- Run | Yrd Mat Min Sub Scr Fac Upp Upp War Pro Total Allies 3 | . . 1 . . . 1 1 . . Largest Group 1 | . . 1 1 . . 1 1 . . Highest-Rated Group 64 | . . 31 31 . . 64 64 . . Highest-Rated Ally 64 | . . 31 31 . . 64 64 . . Total Orders . | . . . . . . . . . . Ally Attacks 20 | . . . 16 . . . 4 . . Total Damage 328 | . . . 273 . . . 55 . . Kills 4 | . . . 4 . . . . . . Allies Corrupted . | . . . . . . . . . . Allies Melted 2 | . . . . 1 . . 1 . . Intel | -11 -10 -10 -10 -7 -5 -5 -5 -5 -4 ------- Run | Yrd Mat Min Sub Scr Fac Upp Upp War Pro Active Infowar (turns) 1399 | 23 260 121 578 . 139 278 . . . Seismic 1399 | 23 260 121 578 . 139 278 . . . Robot Analysis Total . | . . . . . . . . . . Derelict Logs Recovered 6 | . . . 1 3 . 1 1 . . Drone Launches . | . . . . . . . . . . Drone Recoveries . | . . . . . . . . . . Exploration | -11 -10 -10 -10 -7 -5 -5 -5 -5 -4 ------------- Run | Yrd Mat Min Sub Scr Fac Upp Upp War Pro Turns Passed 6594 | 83 260 199 1170 3742 299 440 283 82 36 Spaces Moved 3907 | 35 143 99 662 1719 223 331 424 214 57 Core 142 | . . . . 40 . . 102 . . Treads 2354 | . 57 99 662 1536 . . . . . Legs 121 | 35 86 . . . . . . . . Wheels 730 | . . . . 143 223 331 33 . . Hover . | . . . . . . . . . . Flight 560 | . . . . . . . 289 214 57 Fastest Speed 29 | 120 120 160 160 90 90 90 29 29 35 Average Speed 152 | 120 135 160 160 215 94 97 39 32 35 Slowest Speed 800 | 120 160 160 160 800 100 100 100 35 35 Overloaded Moves . | . . . . . . . . . . Propulsion Burnouts . | . . . . . . . . . . Robots Hopped 4 | . . . . . . . . 4 . Potential Cave-ins 4 | . . . . . . . . . 4 Cave-ins Triggered 1 | . . . . . . . . . 1 Exploration Rate (%) 37 | 4 38 35 48 92 8 51 58 32 12 Regions Visited 9 Branch Regions 7 Pre-discovered Areas 2 | . . . 1 1 . . . . . Known Exits Taken 1 | . . . . . 1 . . . . Unknown Exits Taken 8 | 1 1 1 1 1 . 1 1 1 . Scrap Searched 15 | . . . 3 8 . 2 2 . . Spaces Dug 11 | . . . . . . . 4 . 7 Terrain Destroyed 122 | . . 1 2 . 108 . 4 . 7 Melee 11 | . . . . . . . 4 . 7 Projectile 3 | . . 1 2 . . . . . . AOE 108 | . . . . . 108 . . . . Terrain Rammed . | . . . . . . . . . . Walls Destroyed . | . . . . . . . . . . Machines Disabled . | . . . . . . . . . . Actions | -11 -10 -10 -10 -7 -5 -5 -5 -5 -4 --------- Run | Yrd Mat Min Sub Scr Fac Upp Upp War Pro Total 4266 | 49 181 118 717 1765 271 394 486 221 64 Wait 30 | . . 6 . . 3 1 12 8 . Move 3891 | 34 142 98 661 1718 222 330 423 206 57 Hop 3 | . . . . . . . . 3 . Pick Up 37 | 1 7 1 7 14 2 2 3 . . Fast Attach 21 | 1 . . . 7 . 7 6 . . Attach 18 | . . . 1 . 9 3 3 2 . Detach 5 | . . . . 3 . 1 . 1 . Swap 20 | . 6 3 4 1 4 2 . . . Drop 40 | . 8 . 5 22 1 . 4 . . Fire 160 | 13 16 10 39 . 27 37 18 . . Melee 20 | . . . . . . . 12 1 7 Ram 8 | . . . . . 2 6 . . . Kick 2 | . 2 . . . . . . . . Crush . | . . . . . . . . . . Escape Stasis . | . . . . . . . . . . Rewire 10 | . . . . . . 5 5 . . Trap 1 | . . . . . 1 . . . . Miscellaneous . | . . . . . . . . . . Route ------- -11/Scrapyard -10/Materials -10/Mines (discovered 3 exits: [*Mat x2] / [*Sub]) -10/Subcaves -7/Scraptown (discovered 2 exits: *Fac x2) -5/Factory (discovered 2 exits: *Upp x2) -5/Upper Caves -5/Upper Caves -5/Warlord -4/Proximity Caves History --------- Turn | Location | Event 13 | -11/Scrapyard | Discovered new exit (range 2) 84 | -11/Scrapyard | Entered Materials 319 | -10/Materials | Discovered new exit (range 16) 344 | -10/Materials | Entered Mines 378 | -10/Mines | Discovered new exit (range 8) 419 | -10/Mines | Met a Derelict who couldn't figure out how to use a Trap Extractor 470 | -10/Mines | Discovered new exit (range 14) 502 | -10/Mines | Escorted by a lone wolf Derelict 524 | -10/Mines | Build established: Mutant 536 | -10/Mines | Discovered new exit (range 4) 543 | -10/Mines | Entered Subcaves 543 | -10/Subcaves | Accompanied by 1 ally 544 | -10/Subcaves | Approached by a straggling Scientist 785 | -10/Subcaves | A Subdweller sparked back to life 785 | -10/Subcaves | A Subdweller sparked back to life 785 | -10/Subcaves | A Subdweller sparked back to life 942 | -10/Subcaves | Scientist uncovered a shortcut to Scraptown 1662 | -10/Subcaves | Core integrity fell below 50% 1713 | -10/Subcaves | Entered Scraptown 1861 | -7/Scraptown | Heard Great Nut preacher, LISTEN AND RECITE! 1907 | -7/Scraptown | Visited Bundlers 2160 | -7/Scraptown | Scanned Subdweller tech in exchange for log data 2165 | -7/Scraptown | Learned location of Testing (-3) 2166 | -7/Scraptown | Learned 8 Factory zone layouts 2168 | -7/Scraptown | Learned 12 Research zone layouts 2218 | -7/Scraptown | Visited Assassins FH 2381 | -7/Scraptown | Visited Awakened 2416 | -7/Scraptown | Visited Shadow of the Wyrm 2497 | -7/Scraptown | Visited Cyclists 2532 | -7/Scraptown | Visited Cave Peace 2574 | -7/Scraptown | Visited Fellowship of the Rings 2685 | -7/Scraptown | Discovered new exit (range 13) 3415 | -7/Scraptown | Visited UFD Registry 3415 | -7/Scraptown | Registered with UFD as "Roughglider" 3459 | -7/Scraptown | Entered Cyclist Reading Room 3558 | -7/Scraptown | Visited Research Penetration Think Tank 3614 | -7/Scraptown | Visited Junk Cannon Lab 3654 | -7/Scraptown | Found Prototype Special Weapon 3654 | -7/Scraptown | Identified Junk Cannon 3700 | -7/Scraptown | Visited Scrap Suit Storage 3828 | -7/Scraptown | Delivered Scrap Shield to a Scientist 4030 | -7/Scraptown | Visited A0-MCA Data Center 4044 | -7/Scraptown | Given a C+ rating by A0-MCA 4047 | -7/Scraptown | Found A0-MCA's Component Scanner 4089 | -7/Scraptown | Visited Scrapoid Pod Storage 4102 | -7/Scraptown | Found Scrapoid Pod 4226 | -7/Scraptown | Visited Science Guys 4316 | -7/Scraptown | Visited Junk Repository 4392 | -7/Scraptown | Visited Abandonware Association 4420 | -7/Scraptown | Learned abandonware demo "REVENGE.EXE" 4420 | -7/Scraptown | Learned abandonware demo "REBOOT5.EXE" 4480 | -7/Scraptown | Visited Modified Component R&D 5242 | -7/Scraptown | Found Scrap Suit 5317 | -7/Scraptown | Met Optimus 5317 | -7/Scraptown | Accepted into 0bPrime 5448 | -7/Scraptown | Civil war broke out across Scraptown 5453 | -7/Scraptown | Discovered new exit (range 3) 5455 | -7/Scraptown | Entered Factory 5455 | -5/Factory | Evolved 10 slots: Power x1, Propulsion x1, Utility x7, Weapon x1 5571 | -5/Factory | Garrison activated, responded to threat 5616 | -5/Factory | Identified exit to Upper Caves 5622 | -5/Factory | Destroyed 7 combat bots 5754 | -5/Factory | Entered Upper Caves 5756 | -5/Upper Caves | UFD Scientist delivered a prototype 5763 | -5/Upper Caves | Found Prototype Protection 5763 | -5/Upper Caves | Identified Enh. Scrap Shield 5874 | -5/Upper Caves | Learned location of 1 exit from Factory 6126 | -5/Upper Caves | Lost 5 parts (1n3u1w) 6161 | -5/Upper Caves | Discovered new exit (range 7) 6194 | -5/Upper Caves | Entered another Upper Caves area 6194 | -5/Upper Caves | Accompanied by 1 ally 6213 | -5/Upper Caves | Attracted the attention of an 0b10 outpost 6281 | -5/Upper Caves | Released all parts (3) 6283 | -5/Upper Caves | Core integrity fell below 50% 6311 | -5/Upper Caves | Lost 12 parts (2p5u5w) 6318 | -5/Upper Caves | Learned Factory terminal intel 6320 | -5/Upper Caves | Encountered a Warlord checkpoint 6411 | -5/Upper Caves | Core integrity fell below 20% 6474 | -5/Upper Caves | Discovered new exit (range 11) 6477 | -5/Upper Caves | Entered Warlord 6488 | -5/Warlord | System corruption cleaned by Quarantine Array 6518 | -5/Warlord | Lost 4 parts (1p2n1u) 6526 | -5/Warlord | Attacked by Warlord forces 6539 | -5/Warlord | Spotted HM-GRF(B) 6539 | -5/Warlord | Spotted 44-OJU(B) 6555 | -5/Warlord | Discovered new exit (range 14) 6559 | -5/Warlord | Entered Proximity Caves 6571 | -4/Proximity Caves | Lost 3 parts (1p2n) 6596 | -4/Proximity Caves | Crushed by falling debris 6596 | -4/Proximity Caves | Smashed by cave-in Last Messages --------------- tracking routine. 06525_ LW-ERK(m) fits Backup Power III on Cogmind. 06525_ Sneak attack on LW-ERK(m). 06525_ Destroyed Wheel. 06526_ ANNOUNCEMENT: Internal threat detected, destroy unregistered bots on sight. 06530_ VTOL Module destroyed. 06535_ Triggered Fire Trap. 06535_ Burning plasma bursts from the floor. 06535_ Lgt. Nuclear Core destroyed. 06540_ VTOL Module destroyed. 06541_ Knocked back. 06555_ EXIT=FOUND LOCATION=UNKNOWN GOAL=ESCAPE 06596_ The unstable cave ceiling collapses. 06596_ Crushed by falling debris. 06596_ VTOL Module destroyed. 06596_ System corrupted by crushing effect (+2). Map ----- +----------------------------------------------------+ | ?????????????????????????????????????????????????? | | ?????????????????????????????????????????????????? | | ?????????????????????????????????????????????????? | | ?????????????????????????????????????????????????? | | ?????????????????????????????????????????????????? | | ?????????????????????????????????????????????????? | | #????????????????????????????????????????????????? | | #????????????????????????????????????????????????? | | #????????????????????????????????????????????????? | | ##??????????????????????????????????????????????? | | ###????????????????????????????????????????????? | | ##???????????????????????????????????????????? | | # ##??????????????????????????????????????????? | | # ######?????????????????????????????????????? | | ## ######????????????????????????????????? | | ####?????????????????????????????? | | ##????????????????????????????? | | #????????????????????????????? | | ## #????????????????????????????? | | # #### ## ##???????????????????????????? | | ## ##??## #### #;##??????????????????????????? | | ?#####????#####??#### ##?????????????????????????? | | ????????????????????## ##????????????????????????? | | ?????????????????????## ##???????????????????????? | | ??????????????????????## ##??????????????????????? | | ???????????????????????##@#??????????????????????? | | ????????????????????????## #?????????????????????? | | ??????????????????????????##?????????????????????? | | ?????????????????????????????????????????????????? | | ?????????????????????????????????????????????????? | | ?????????????????????????????????????????????????? | | ?????????????????????????????????????????????????? | | ?????????????????????????????????????????????????? | | ?????????????????????????????????????????????????? | | ?????????????????????????????????????????????????? | | ?????????????????????????????????????????????????? | | ?????????????????????????????????????????????????? | | ?????????????????????????????????????????????????? | | ?????????????????????????????????????????????????? | | ?????????????????????????????????????????????????? | | ?????????????????????????????????????????????????? | | ?????????????????????????????????????????????????? | | ?????????????????????????????????????????????????? | | ?????????????????????????????????????????????????? | | ?????????????????????????????????????????????????? | | ?????????????????????????????????????????????????? | | ?????????????????????????????????????????????????? | | ?????????????????????????????????????????????????? | | ?????????????????????????????????????????????????? | | ?????????????????????????????????????????????????? | +----------------------------------------------------+ Best States ------------- Heat Dissipation 67 Energy Generation 28 Energy Capacity 575 Matter Stores 300 Matter Capacity 300 Sight Range 16 Terrain Scan Density 10 Armor Coverage 800 Power Shielding 66 Evasion (%) 64 Targeting Accuracy 8 Melee Accuracy 5 Recoil Reduction 2 Offensive Hacking 12 Item Schematics ----------------- None Robot Schematics ------------------ None Fabricated ------------ Nothing Repaired ---------- Nothing Alien Tech Used ----------------- None Achievements -------------- None Challenges ------------ None Game ------ Seed MagneticComponentDiverter Manual? 0 Play Time 00:46:38 Cumulative 286.5 hours Start 2025.05.23 @ 18:55:47 End 2025.05.23 @ 19:43:37 Sessions 1 Manual Loads 0 Difficulty Rogue Special Mode None Game No. 202 Rogue 202 Adventurer 0 Explorer 0 Win Type - Total 22 Types 18/0/2/2/0/0/0/0/0/0 Lore% 85 Gallery% 72 Achievement% 64 Wizard Run 0 Options --------- Layout 2 ASCII 0 Keyboard 1 Movement Arrows Keybinds 0 Fullscreen 1 Font 24/Smallcaps Map View 50x44 Zoom Use 0% Tactical HUD 1 Map Filters NONE Filters NONE Steam 1 RUN: 41155ebe-aba5-48b3-9de7-aaa0a2e12590